 Dungeon Crawl Stone Soup version 0.27-a0-1196-g3e9cee4cb2 (webtiles) character file.

Game seed: 12669978783083060419

4474 porpoise the Covert (level 10, -3/66 HPs)
             Began as an Octopode Conjurer on May 30, 2021.
             Was a Priest of Sif Muna.
             Slain by a spriggan
             ... wielding a +0 rapier
              (18 damage)
             ... on level 8 of the Dungeon.
             The game lasted 00:40:15 (11588 turns).

porpoise the Covert (Octopode Conjurer)            Turns: 11588, Time: 00:40:16

Health: -3/66      AC:  5    Str:  8    XL:     10   Next: 38%
Magic:  13/17      EV: 14    Int: 26    God:    Sif Muna [***...]
Gold:   421        SH:  7    Dex: 13    Spells: 8/19 levels left

rFire    . . .     SeeInvis .   b - +1 hunting sling
rCold    . . .     Faith    .   p - +2 buckler
rNeg     . . .     Spirit   .   (helmet restricted)
rPois    .         Reflect  .   (no amulet)
rElec    .         Harm     .   c - ring "Peini" {AC+4 Int+3 Dex+3}
rCorr    .         Rampage  .   (no ring)
Will     .....                  (no ring)
Stlth    +++++.....             (no ring)
HPRegen  0.21/turn              (no ring)
MPRegen  0.15/turn              (no ring)
                                (no ring)
                                (no ring)

@: no status effects
A: almost no armour, amphibious, 8 rings, camouflage 1, gelatinous body 1,
(nimble swimmer 1), tentacles
a: Renounce Religion, Channel Magic, Forget Spell


You were on level 8 of the Dungeon.
You worshipped Sif Muna.
Sif Muna was most pleased with you.
You visited 1 branch of the dungeon, and saw 8 of its levels.

You collected 421 gold pieces.

Inventory:

Hand Weapons
 a - the +6 falchion of Isanin {venom, Int+4}
   (You took it off a gnoll on level 5 of the Dungeon)

   It poisons the flesh of those it strikes.
   It affects your intelligence (+4).
 b - a +1 hunting sling (weapon)
 w - a +2 dagger of speed
 x - a +1 whip of electrocution
Missiles
 d - 187 stones (quivered ammo)
 k - 19 poisoned darts
 q - 8 boomerangs
Armour
 p - a +2 buckler (worn)
Jewellery
 c - the ring "Peini" (left tentacle) {AC+4 Int+3 Dex+3}
   (You took it off an orc on level 7 of the Dungeon)

   [ring of protection]

   It affects your AC (+4).
   It affects your intelligence (+3).
   It affects your dexterity (+3).
Wands
 l - a wand of flame (30) (quivered)
 t - a wand of digging (6)
 u - a wand of polymorph (1)
Scrolls
 g - 3 scrolls of immolation
 n - a scroll of noise
 y - a scroll of amnesia
Potions
 e - 3 potions of curing
 h - 3 potions of might
 i - a potion of brilliance {unknown}
 j - a potion of ambrosia {unknown}
 m - 2 potions of haste
 r - 4 potions of degeneration
 s - 2 potions of heal wounds {unknown}
 B - 2 potions of mutation {unknown}
 D - a potion of cancellation {unknown}


   Skills:
 - Level 5.0 Fighting
 - Level 5.0 Dodging
 - Level 9.0 Stealth
 - Level 4.0 Shields
 - Level 5.0 Spellcasting
 + Level 7.2 Conjurations
 - Level 5.0 Hexes
 - Level 5.0 Translocations
 + Level 1.7 Invocations


You had 8 spell levels left.
You knew the following spells:

 Your Spells              Type           Power      Damage    Failure   Level
a - Magic Dart            Conj           100%       1d8       1%          1
b - Searing Ray           Conj           88%        3d6       1%          2
c - Iskenderun's Mystic   Conj/Tloc      38%        2d9       6%          4
d - Fulminant Prism       Conj/Hex       19%        3d11      6%          4

Your spell library contained the following spells:

 Spells                   Type           Power      Damage    Failure   Level
 Corona                   Hex            35%        N/A       1%          1
 Dazzling Flash           Conj/Hex       76%        N/A       1%          3
 Confusing Touch          Hex            32%        N/A       3%          3
 Tukima's Dance           Hex            32%        N/A       3%          3
 Ensorcelled Hibernation  Hex/Ice        38%        N/A       4%          2


Dungeon Overview and Level Annotations

Branches:
Dungeon (8/15)             Temple (0/1) D:5
   Lair: D:8-11

Altars:
Sif Muna


Innate Abilities, Weirdness & Mutations

You cannot wear most types of armour.
You are amphibious.
You can wear up to eight rings at the same time.
Your skin changes colour to match your surroundings (Stealth+).
Your rubbery body absorbs attacks. (AC +1, EV +1)
((You are camouflaged near water. (Stealth+)))
You have tentacles for arms and can constrict up to eight enemies at once.


Message History

Sif Muna accepts your kill.
You start resting.
Magic restored.
Things that are here:
a +0 flail; a +0 chain mail A spriggan comes into view.
It is wielding a +0 rapier.
You shoot a stone.
The stone hits the spriggan but does no damage.
The spriggan shouts!
You hear a shout!
A spriggan comes into view. It is wielding a +0 dagger.
A spriggan comes into view. It is wielding a +0 rapier.
The spriggan shouts!
You shoot a stone. The stone misses the spriggan.
An ice beast comes into view.
Casting: Searing Ray (safe; 1% risk of failure)
Confirm with . or Enter, or press ? or * to list all spells.
Aiming: Searing Ray (safe; 1% risk of failure)
Press: ? - help, Shift-Dir - straight line, f - spriggan, p - spriggan
Aim: a spriggan, wielding a +0 dagger and wearing a +0 robe (63% to hit)
The searing ray hits the spriggan.
The spriggan is moderately wounded.
The searing ray misses the spriggan. (Press . to maintain the ray.)
The spriggan closely misses you.
The searing ray misses the spriggan. x2
The searing ray hits the spriggan.
The spriggan is lightly wounded.
The searing ray hits the spriggan!
The spriggan is heavily wounded.
The spriggan hits you with a +0 rapier! The spriggan hits you with a +0 dagger!
Unknown command.
The searing ray hits the spriggan!
The spriggan is severely wounded.
The searing ray misses the spriggan.
You finish channeling your searing ray.
The spriggan misses you. You block the spriggan's attack.
The spriggan hits you with a +0 rapier. The spriggan hits you with a +0 dagger!
The spriggan hits you with a +0 rapier!
* * * LOW HITPOINT WARNING * * *
The spriggan hits you with a +0 rapier!!
You die...

......,,,,,*
♣♣.♣ **,,*
##...,*,,,,*
♣..♣ *,,*
***
#*,,,,*,,,,*
♣.♣* **,**
*,*
....,>,,,,,*
♣.♣♣ *,,*
*,***
.....,***,,*
♣.Y♣
*,,***,,,**
......****,*
♣♣i♣
**,,*,,,,,*
..##..,,,,**
♣i♣♣
*,,,,*,,,*
..#**#,,,,*
♣♣i♣
***,****,*
.## **,,,*
♣♣@♣ *** *,*
,*** *,,,,*
♣..♣ **,*
,*,***,,,,*
♣.♣♣ *,,*
,,,,,,,,,**
♣♣.♣ *,**
,,,,,,,**,*
♣..♣ *,**
...,,,,*,,*
♣.♣♣ **,*
...,,,,,,,*
♣)♣ **,**
....,,,,,**
♣.♣♣ *,**
....,,,,,*
♣♣.♣ *,*


You could see an ice beast and 3 spriggans.

Vanquished Creatures
  Pikel (D:4)
  Maggie (D:7)
  Sigmund (D:4)
  A basilisk (D:7)
  Edmund (D:4)
  A water moccasin (D:7)
  A hornet zombie (D:6)
  An orc warrior (D:8)
  2 ogres
  3 black bears
  2 ice beasts (D:7)
  4 lemures
  5 centaurs
  A phantom (D:6)
  A kobold brigand (D:8)
  Blork the orc (D:4)
  2 bullfrogs
  9 wights (D:7)
  5 howler monkeys
  A lava snake (D:7)
  A jelly (D:7)
  4 hounds
  3 gnoll shamans
  4 orc priests
  Natasha (thrice) (D:2)
  Ijyb (D:4)
  3 iguanas
  7 orc wizards
  A hound skeleton (D:4)
  13 gnolls
  4 howler monkey skeletons
  10 adders
  A shadow imp (D:5)
  2 white imps (D:6)
  An ufetubus (D:6)
  An adder zombie (D:5)
  A worm (D:3)
  A dart slug (D:1)
  24 orcs
  5 bats
  9 endoplasms
  A giant cockroach (D:2)
  6 goblins
  3 hobgoblins
  13 jackals
  3 quokkas
  6 ball pythons
  11 frilled lizards
  11 kobolds
  5 rats
202 creatures vanquished.

Vanquished Creatures (others)
  A fulminant prism (D:8)
  6 plants (D:1)
7 creatures vanquished.

Grand Total: 209 creatures vanquished

Notes
Turn   | Place    | Note
-------+----------+-------------------------------------------
     0 | D:1      | porpoise the Octopode Conjurer began the quest for the Orb.
     0 | D:1      | Reached XP level 1. HP: 11/11 MP: 3/3
   409 | D:1      | Reached XP level 2. HP: 17/17 MP: 0/5
   465 | D:1      | Reached skill level 3 in Stealth
   519 | D:1      | Learned a level 2 spell: Searing Ray
   762 | D:1      | Reached XP level 3. HP: 21/21 MP: 3/6
  1645 | D:2      | Found a faded altar of an unknown god.
  1729 | D:2      | Noticed Natasha
  1736 | D:2      | Killed Natasha
  1737 | D:2      | Reached XP level 4. HP: 27/27 MP: 0/8
  2120 | D:2      | Noticed Natasha
  2126 | D:2      | Killed Natasha
  2127 | D:2      | Reached skill level 4 in Stealth
  2127 | D:2      | Reached skill level 5 in Conjurations
  2127 | D:2      | Reached XP level 5. HP: 31/31 MP: 3/9
  2176 | D:2      | Noticed Natasha
  2181 | D:2      | Killed Natasha
  2579 | D:3      | Reached XP level 6. HP: 36/36 MP: 5/11
  3001 | D:4      | Noticed Blork the orc
  3076 | D:4      | Killed Blork the orc
  3077 | D:4      | Reached skill level 5 in Stealth
  3323 | D:4      | Noticed Ijyb
  3331 | D:4      | Killed Ijyb
  3419 | D:4      | Noticed Pikel
  3441 | D:4      | Reached XP level 7. HP: 41/41 MP: 8/13
  3681 | D:4      | Noticed Edmund
  3700 | D:4      | Noticed Sigmund
  3704 | D:4      | Killed Sigmund
  3705 | D:4      | Reached skill level 5 in Spellcasting
  3713 | D:4      | Learned a level 4 spell: Iskenderun's Mystic Blast
  3718 | D:4      | Learned a level 4 spell: Fulminant Prism
  3824 | D:4      | HP: 2/41 [lemure[Pikel] (3)]
  4838 | D:4      | Killed Pikel
  4839 | D:4      | Reached skill level 6 in Stealth
  4839 | D:4      | Reached XP level 8. HP: 31/46 MP: 0/15
  4959 | D:4      | Reached skill level 7 in Stealth
  5042 | D:4      | Found a shimmering blue altar of Sif Muna.
  5050 | D:4      | Became a worshipper of Sif Muna the Loreminder
  5203 | D:4      | Killed Edmund
  5204 | D:4      | Reached skill level 1 in Translocations
  5323 | D:5      | Entered Level 5 of the Dungeon
  5323 | D:5      | Found a staircase to the Ecumenical Temple.
  5635 | D:5      | Reached skill level 1 in Fighting
  5641 | D:5      | Identified the +6 falchion of Isanin {venom, Int+4}
  6352 | D:5      | Reached * piety under Sif Muna
  6496 | D:5      | Identified the +2 scale mail of Mezcal {Harm}
  6816 | D:6      | Reached XP level 9. HP: 55/55 MP: 8/16
  7198 | D:6      | Reached skill level 8 in Stealth
  8152 | D:7      | Reached ** piety under Sif Muna
  8434 | D:7      | Reached skill level 5 in Translocations
  8684 | D:7      | Reached skill level 9 in Stealth
  8736 | D:7      | Noticed Maggie
  8746 | D:7      | Killed Maggie
  8747 | D:7      | Reached skill level 5 in Fighting
  9225 | D:7      | Reached XP level 10. HP: 63/66 MP: 8/17
  9225 | D:7      | Identified the ring "Peini" {AC+4 Int+3 Dex+3}
 10559 | D:8      | Reached skill level 5 in Hexes
 10966 | D:8      | Reached skill level 5 in Dodging
 11097 | D:8      | Reached *** piety under Sif Muna
 11103 | D:8      | Reached skill level 1 in Invocations
 11588 | D:8      | Slain by a spriggan

Illustrated notes

Levels and vault maps discovered:
D:1:      ebering_trefoil_twist, layout_basic, roderic_lattice_a,
          nrook_loot_triangle, minmay_lizard_king
D:2:      layout_loops_cross, hellmonk_ecumenical_altar_run_dry, uniq_natasha
D:3:      layout_basic
D:4:      layout_gridville, nicolae_sif_muna_condensation, grunt_ministairs_15,
          sigmund_edmund_badplayer, uniq_pikel, uniq_blork_the_orc, uniq_ijyb
D:5:      layout_loops_ring, minmay_temple_entry_statues_pillars,
          minmay_hedge_maze, grunt_decor_arrowhead, serial_park_tiny_1,
          nicolae_underground_beach
D:6:      layout_rooms, hex_medium
D:7:      hangedman_cross_stitches, layout_basic, kennysheep_cross_bottleneck,
          uniq_maggie
D:8:      kb_forest_paths, layout_cave_pools

Skill      XL: |  1  2  3  4  5  6  7  8  9 10 |
---------------+-------------------------------+-----
Stealth        | 3 4 5 6 7 9 |  9.0
Spellcasting   | 3 4 5 |  5.0
Conjurations   | 5 6 7 |  7.2
Shields        | 3 4 |  4.0
Translocations | 3 5 |  5.0
Fighting       | 2 5 |  5.0
Hexes          | 3 5 |  5.0
Dodging        | 3 5 |  5.0
Invocations    | 1 |  1.7

Action                   |  1- 3 |  4- 6 |  7- 9 | 10-12 || total
-------------------------+-------+-------+-------+-------++-------
Melee: Dagger            |     4 |     3 |     6 |       ||    13
       Tentacles         |     1 |       |     4 |       ||     5
       Whip              |     1 |       |       |       ||     1
       Constrict         |     1 |       |     2 |       ||     3
       Falchion          |       |       |     5 |       ||     5
 Fire: Hunting sling     |     4 |    19 |   105 |    30 ||   158
Throw: Dart              |       |       |     3 |       ||     3
 Cast: Magic Dart        |    38 |    12 |     4 |       ||    54
       Searing Ray       |     7 |    21 |    76 |    35 ||   139
       Iskenderun's Myst |       |       |     9 |     1 ||    10
       Fulminant Prism   |       |       |       |     1 ||     1
Evoke: Wand              |       |       |     2 |     3 ||     5
  Use: Scroll            |       |     1 |     4 |     8 ||    13
       Potion            |       |       |     3 |       ||     3
Armor: Skin              |     1 |     1 |     2 |     2 ||     6
Dodge: Dodged            |     7 |     5 |    36 |    10 ||    58
Block: Buckler           |       |       |    13 |    11 ||    24
       Rpst.: Falchion   |       |       |     1 |       ||     1

Table legend: (Time is in decaauts)
 A = Elapsed time spent in this place.
 B = Non-inter-level travel time spent in this place.
 C = Inter-level travel time spent in this place.
 D = Time resting spent in this place.
 E = Time spent auto-exploring this place.
 F = Levels seen in this place.
 G = Mean time per level.
                   A        B        C        D        E       F      G
               +--------+--------+--------+--------+--------+-----+--------+
         Total |  11595 |  11162 |    433 |   5364 |   4244 |   8 | 1449.4 |
       Dungeon |  11595 |  11162 |    433 |   5364 |   4244 |   8 | 1449.4 |
               +--------+--------+--------+--------+--------+-----+--------+

Top non-repeatable levels by time:
     D:7: 2900 daAuts
     D:5: 1692 daAuts
     D:4: 1625 daAuts
     D:1: 1374 daAuts
     D:3: 1163 daAuts
     D:2: 1153 daAuts
     D:6: 975 daAuts
     D:8: 709 daAuts
